 Dungeon Crawl Stone Soup version 0.31.0-32-g396128a36d (webtiles) character file.

Game seed: 9203874734336138324

1767 Dvallin the Changeling (level 9, -5/85 HPs)
             Began as an Oni Shapeshifter on Apr 1, 2024.
             Was a Follower of Ru.
             Killed from afar by an acid dragon (34 damage)
             ... with a splash of acid
             ... on level 7 of the Dungeon.
             The game lasted 00:08:04 (6837 turns).

Dvallin the Changeling (Oni Shapeshifter)           Turns: 6837, Time: 00:08:05

Health: -5/85      AC: -2    Str: 20    XL:     9   Next: 7%
Magic:  9/9        EV: 14    Int: 11    God:    Ru [*.....]
Gold:   418        SH:  0    Dex: 12    Spells: 8/8 levels left

rFire   . .          .
                       - Unarmed
rCold   . . .        (shield currently unavailable)
rNeg    . . .        a - melded +0 animal skin
rPois   .            (helmet restricted)
rElec   .            f - +0 cloak
rCorr   .            (gloves unavailable)
SInv    .            (boots unavailable)
Will    .....        (no amulet)
Stlth   +            (no ring)
HPRegen 0.34/turn    (no ring)
MPRegen 0.11/turn

%: no passive effects
@: flux-form, corroded, glowing
A: glow, contaminating, large, unfitting armour, horns 1, tough skin 1,
cowardly, double potion healing, drunken brawling
a: Begin Untransformation, Renounce Religion


You were on level 7 of the Dungeon.
You worshipped Ru.
Ru was aware of your devotion.
You were something dangerously unstable.
You visited 2 branches of the dungeon, and saw 8 of its levels.
You also visited: Sewer.

You collected 418 gold pieces.

Inventory:

Missiles
 k - a throwing net (quivered)
Armour
 a - a +0 animal skin (melded)
 f - a +0 cloak (worn)
Jewellery
 u - a ring of protection from fire
Talismans
 d - a flux talisman (active)
Wands
 j - a wand of roots (8)
 t - a wand of paralysis (6)
Scrolls
 c - 4 scrolls of blinking {unknown}
 h - 3 scrolls of amnesia
 l - 4 scrolls of enchant weapon {unknown}
 p - a scroll of revelation {unknown}
 q - a scroll of immolation
 s - 2 scrolls of noise {unknown}
 v - a scroll of vulnerability
 w - a scroll of identify
Potions
 b - 2 potions of lignification
 e - 3 potions of enlightenment
 g - 4 potions of degeneration
 i - 2 potions of curing
 m - a potion of brilliance
 n - a potion of magic {unknown}
 o - 2 potions of might {unknown}
 r - a potion of haste {unknown}


   Skills:
 + Level 4.5 Fighting
 - Level 1.7 Dodging
 * Level 7.5 Unarmed Combat
 + Level 7.7 Shapeshifting


You had 8 spell levels left.
You didn't know any spells.
Your spell library contained the following spells:

 Spells                   Type           Power      Damage    Failure   Level
 Kiss of Death            Conj/Necr      0%         2d5       34%         1
 Confusing Touch          Hex            0%         N/A       71%         3
 Gell's Gravitas          Tloc           0%         N/A       71%         3
 Teleport Other           Tloc           0%         N/A       71%         3
 Volatile Blastmotes      Fire/Tloc      0%         2d10      71%         3
 Anguish                  Hex/Necr       0%         N/A       98%         4
 Cause Fear               Hex            0%         N/A       98%         4
 Dispel Undead            Necr           0%         3d6       98%         4
 Fulminant Prism          Conj/Alch      0%         3d5       98%         4
 Iskenderun's Mystic Bla  Conj/Tloc      0%         2d3       98%         4
 Dispersal                Tloc           0%         N/A       100%        6
 Enfeeble                 Hex            0%         N/A       100%        7


Dungeon Overview and Level Annotations

Branches:
Dungeon (7/15)             Temple (1/1) D:5           Sewer (visited)

Altars:
Ashenzari
Cheibriados
Dithmenos
Fedhas
Hepliaklqana
Kikubaaqudgha
Nemelex Xobeh
Qazlal
Ru
Trog
Uskayaw
Xom
Yredelemnul
The Shining One

Shops:
D:1 *


Innate Abilities, Weirdness & Mutations

You are something dangerously unstable.
You glow with magical radiation, making you easy to see and hit.
Foes you strike become dangerously contaminated with magical radiation.
You are incapable of wielding weapons or throwing items.
You are too large for most types of armour.
You have a pair of small horns on your head.
You have tough skin. (AC +1)
Your cowardice makes you less effective in combat with threatening foes.
You gain doubled healing and magic from potions.
Whenever you drink a healing potion, you attack all around you.


Message History

The acid dragon bites you! The acid dragon claws you.
You are too injured to fight recklessly!
You are too injured to fight recklessly!
You are too injured to fight recklessly!
You are too injured to fight recklessly!
You are too injured to fight recklessly!
You are too injured to fight recklessly!
You are too injured to fight recklessly!
You are too injured to fight recklessly!
You are too injured to fight recklessly!
You are too injured to fight recklessly!
You are too injured to fight recklessly!
You are too injured to fight recklessly!
You are too injured to fight recklessly!
You are too injured to fight recklessly!
You are too injured to fight recklessly!
You are too injured to fight recklessly!
You are too injured to fight recklessly!
You are too injured to fight recklessly!
You are too injured to fight recklessly!
You are too injured to fight recklessly!
You are too injured to fight recklessly!
You are too injured to fight recklessly!
You are too injured to fight recklessly!
You are too injured to fight recklessly!
You punch the acid dragon!
The acid dragon glows dangerously bright.
The acid dragon is moderately wounded.
You hit the acid dragon but do no damage.
The acid dragon shudders as magic cascades through it!
The acid dragon twists and deforms.
Your headbutt misses the acid dragon.
The acid dragon is severely wounded.
The acid dragon bites you. The acid dragon barely misses you.
You hit the acid dragon.
The acid dragon begins to glow.
Your headbutt misses the acid dragon.
The acid dragon is almost dead.
An ice beast comes into view.
The acid dragon spits acid at you. The splash of acid hits you!!
You die...

########......)..#
.................#
############.#####.#.#
Y.......# #.#.....#.#
#....?.# #.#.##..#.#
#......####.#.##..#.###
+.....................#
#......####.#.##..#.#.#
#=....p#....#.##..#.#.#
#.....D##.###.##..#.#.#
#......##.# #.##..#...#
#......##.# #.##..###.#
#..?...##.# #.##.......
######.##.# #.##.####.#
#.##.# #.##.####.#
#.##.# #.##......) #.#
#.#######.#


You could see an acid dragon (contam, catching breath, misshapen) and an ice
beast (wandering).

Vanquished Creatures
  Menkaure (D:4)
  A water moccasin (D:6)
  An orc warrior (D:6)
  An ice beast (D:6)
  An ogre (D:5)
  A phantom (D:6)
  2 brain worms (Sewer)
  2 scorpions (D:5)
  2 bullfrogs
  4 crimson imps (D:6)
  2 hounds
  A jelly (D:2)
  3 orc priests (D:6)
  A bombardier beetle (D:6)
  A sleepcap (D:6)
  Ijyb (D:3)
  2 orc wizards
  Natasha (D:2)
  14 gnolls
  8 adders
  2 river rats (Sewer)
  A white imp (D:6)
  4 dart slugs
  3 ribbon worms
  11 orcs
  7 ball pythons
  9 endoplasms
  2 giant cockroaches
  6 goblins
  8 hobgoblins
  6 jackals
  3 quokkas
  10 bats
  9 frilled lizards
  5 kobolds
  14 rats
150 creatures vanquished.

Notes
Turn   | Place    | Note
-------+----------+-------------------------------------------
     0 | D:1      | Dvallin the Oni Shapeshifter began the quest for the Orb.
     0 | D:1      | Reached XP level 1. HP: 19/19 MP: 1/1
   239 | D:1      | Reached XP level 2. HP: 9/27 MP: 2/2
   525 | D:1      | Reached XP level 3. HP: 18/33 MP: 3/3
   602 | D:1      | Found Zifasunief's Assorted Antiques.
  1328 | D:2      | Reached XP level 4. HP: 30/41 MP: 4/4
  1346 | D:2      | Found a shimmering altar of Xom.
  1434 | D:2      | Reached skill level 5 in Shapeshifting
  1535 | D:2      | Noticed Natasha
  1543 | D:2      | Killed Natasha
  1544 | D:2      | Reached XP level 5. HP: 22/48 MP: 5/5
  1833 | D:3      | Noticed Ijyb
  1844 | D:3      | Killed Ijyb
  2487 | D:4      | Found a glowing drain.
  2508 | Sewer    | Entered a sewer
  2676 | Sewer    | Reached XP level 6. HP: 40/55 MP: 4/6
  3277 | D:4      | Noticed Menkaure
  3285 | D:4      | Killed Menkaure
  3286 | D:4      | Reached XP level 7. HP: 37/62 MP: 7/7
  3937 | D:5      | Entered Level 5 of the Dungeon
  3937 | D:5      | Found a staircase to the Ecumenical Temple.
  3960 | Temple   | Entered the Ecumenical Temple
  3964 | Temple   | Became a worshipper of Ru the Awakened
  4271 | D:5      | Reached skill level 5 in Unarmed Combat
  4541 | D:5      | Reached XP level 8. HP: 70/70 MP: 8/8
  4640 | D:5      | Identified the +1 leather armour of the Majestic God {Str+4
                  | Int+2 Dex+2 Slay-5}
  5181 | D:6      | Found a shimmering altar of Xom.
  6062 | D:6      | Reached XP level 9. HP: 72/85 MP: 9/9
  6215 | D:6      | Found a sparkling altar of Nemelex Xobeh.
  6240 | D:6      | Gained mutation: Your cowardice makes you less effective in
                  | combat with threatening foes. [Ru sacrifice]
  6240 | D:6      | Reached * piety under Ru
  6837 | D:7      | Killed from afar by an acid dragon

Illustrated notes

Levels and vault maps discovered:
D:1:      enne_arrival_octagon_isle, layout_loops_corners, serial_shops, shop,
          minmay_misc_feat_enclosed, minmay_distorted
D:2:      layout_rooms, basic_altar, uniq_natasha
D:3:      layout_basic, uniq_ijyb
D:4:      layout_loops_ring, portal_sewer_entry_a, uniq_menkaure
D:5:      layout_loops_ring, minmay_temple_entry_gardened_gates
D:6:      layout_loops_ring, mainiacjoe_overflow_alcove_1, led_xom_imps
D:7:      layout_basic, nicolae_overflow_hidden_temple, ebering_ghost_xom
Temple:   nicolae_temple_x_marks_the_god

Skill      XL: |  1  2  3  4  5  6  7  8 |
---------------+-------------------------+-----
Shapeshifting  | 4 5 6 7 |  7.7
Unarmed Combat | 3 5 7 |  7.5
Fighting       | 4 |  4.5
Dodging        | |  1.7

Action                     |  1- 3 |  4- 6 |  7- 9 || total
---------------------------+-------+-------+-------++-------
  Melee: Unarmed           |   110 |   179 |   234 ||   523
         Headbutt          |    22 |    21 |    63 ||   106
 Invoke: Sacrifice Courage |       |       |     1 ||     1
    Use: Scroll            |       |     9 |       ||     9
         Potion            |       |     1 |       ||     1
 Armour: Skin              |    61 |    83 |   116 ||   260
  Dodge: Dodged            |    78 |   136 |   125 ||   339
   Form: Flux              |     1 |       |       ||     1
